 Dungeon Crawl Stone Soup version 0.30-a0-368-g86fb4627a9 (webtiles) character file.

Game seed: 17800478444359331739

128027 Maxmaps the Carver (level 16, -13/130 HPs)
             Began as a Demonspawn Monk on Nov 20, 2022.
             Was an Initiate of Gozag.
             Mangled by a culicivora (16 damage)
             ... on level 1 of the Spider Nest.
             The game lasted 00:59:02 (34232 turns).

Maxmaps the Carver (Demonspawn Monk)               Turns: 34232, Time: 00:59:04

Health: -13/130    AC: 25    Str: 15    XL:     16   Next: 47%
Magic:  0/25       EV: 13    Int: 19    God:    Gozag
Gold:   2629       SH: 21    Dex: 21    Spells: 28/28 levels left

rFire   + + .      SeeInvis +    O - +6 scimitar of Dung {flame, Str+3}
rCold   . . .      Faith    .    j - +2 kite shield
rNeg    . . .      Spirit   +    F - +2 swamp dragon scales
rPois   +          Reflect  +    R - +0 hat
rElec   .          Harm     .    T - +1 cloak {Will+}
rCorr   .          Rampage  .    S - +2 pair of gloves of Midnight {Int+2 Dex+3 SInv}
Will    ++...                    w - +2 pair of boots {Stlth+}
Stlth   +++.......               Y - amulet of reflection
HPRegen 0.41/turn                y - ring of poison resistance
MPRegen 0.38/turn                b - ring of protection from fire

@: no status effects
A: molten scales 3, demonic guardian 1, magic shield, magic regeneration,
bedeviling, demonic touch 2
a: Renounce Religion, Potion Petition, Call Merchant, Bribe Branch


You were on level 1 of the Spider Nest.
You worshipped Gozag.
Gozag was most pleased with you.
You visited 5 branches of the dungeon, and saw 25 of its levels.
You also visited: Ice Cave.

You collected 9861 gold pieces.
You spent 2285 gold pieces at shops.
You paid 4947 gold pieces to Gozag.

Inventory:

Hand Weapons
 O - the +6 scimitar of Dung (weapon) {flame, Str+3}
   (You bought it in a shop on level 2 of the Lair of Beasts)

   It burns those it strikes, dealing additional fire damage.
   Big, fiery blades are also staple armaments of hydra-hunters.
   Str:       It affects your strength (+3).
Armour
 j - a +2 kite shield (worn)
 w - a +2 pair of boots of stealth (worn)
 F - +2 swamp dragon scales (worn)
 R - a +0 hat (worn)
 S - the +2 pair of gloves of Midnight (worn) {Int+2 Dex+3 SInv}
   (You bought it in a shop on level 2 of the Lair of Beasts)

   Int:       It affects your intelligence (+2).
   Dex:       It affects your dexterity (+3).
   SInv:      It lets you see invisible.
 T - a +1 cloak of willpower (worn)
 W - a +1 crystal plate armour of cold resistance
Jewellery
 b - a ring of protection from fire (right hand)
 i - a ring of willpower
 y - a ring of poison resistance (left hand)
 B - a ring of flight
 G - a ring of positive energy
 V - a ring of protection from fire
 Y - an amulet of reflection (around neck)
Wands
 c - a wand of charming (37)
 f - a wand of roots (25)
 q - a wand of quicksilver (15)
 E - a wand of digging (5)
 H - a wand of mindburst (5)
 K - a wand of flame (42)
 L - a wand of polymorph (2)
Scrolls
 d - 13 scrolls of teleportation
 g - 9 scrolls of vulnerability
 l - 3 scrolls of brand weapon
 m - 9 scrolls of identify
 o - 4 scrolls of blinking
 r - 3 scrolls of summoning
 x - 4 scrolls of amnesia
 A - 4 scrolls of enchant weapon
 J - 3 scrolls of fear
 M - a scroll of enchant armour
 P - a scroll of butterflies
 Q - 2 scrolls of poison
 Z - a scroll of magic mapping
Potions
 a - 2 potions of berserk rage
 e - 4 potions of invisibility
 h - 15 potions of curing
 p - 3 potions of brilliance
 s - a potion of flight
 t - 3 potions of might
 v - 5 potions of haste
 z - 5 potions of mutation
 C - 3 potions of ambrosia
 D - a potion of resistance
 I - 3 potions of magic
Miscellaneous
 X - a condenser vane


   Skills:
 - Level 13.0 Fighting
 - Level 1.6(9.4) Short Blades
 - Level 14.2(14.3) Long Blades
 - Level 9.0 Armour
 - Level 5.2 Dodging
 - Level 1.7 Stealth
 - Level 14.0 Shields
 + Level 6.6 Spellcasting
 - Level 12.1 Evocations


You had 28 spell levels left.
You didn't know any spells.
Your spell library contained the following spells:

 Spells                   Type           Power      Damage    Failure   Level
 Sandblast                Erth           12%        2d6       34%         1
 Shock                    Conj/Air       24%        1d4       34%         1
 Sting                    Tmut/Pois      24%        1d4       34%         1
 Blink                    Tloc           12%        N/A       45%         2
 Ensorcelled Hibernation  Hex/Ice        18%        N/A       45%         2
 Passwall                 Tmut/Erth      5%         N/A       45%         2
 Scorch                   Fire           12%        2d5       45%         2
 Ignite Poison            Fire/Tmut/Pois 6%         N/A       71%         3
 Kindle Blastsparks       Fire/Tloc/Air  12%        2d11      71%         3
 Spider Form              Tmut/Pois      6%         N/A       71%         3
 Stone Arrow              Conj/Erth      12%        3d7       71%         3
 Swiftness                Air            6%         N/A       71%         3
 Airstrike                Air            3%         2d(1-17)  98%         4
 Anguish                  Hex/Necr       4%         N/A       98%         4
 Flame Wave               Conj/Fire      6%         2d5       98%         4
 Manifold Assault         Tloc           6%         N/A       98%         4
 Petrify                  Tmut/Erth      6%         N/A       98%         4
 Freezing Cloud           Conj/Ice/Air   3%         6-21      100%        5
 Iskenderun's Battlesphe  Conj           6%         2d6       100%        5
 Metabolic Englaciation   Hex/Ice        4%         N/A       100%        5
 Yara's Violent Unravell  Hex/Tmut       4%         3d4       100%        5
 Conjure Ball Lightning   Conj/Air       3%         3x3d6     100%        6
 Eringya's Noxious Bog    Tmut/Pois      3%         N/A       100%        6
 Iron Shot                Conj/Erth      3%         9d2       100%        6
 Statue Form              Tmut/Erth      4%         N/A       100%        6
 Summon Cactus Giant      Summ           3%         N/A       100%        6
 Enfeeble                 Hex            4%         N/A       100%        7
 Spellforged Servitor     Conj/Summ      3%         N/A       100%        7
 Storm Form               Tmut/Air       3%         N/A       100%        7
 Discord                  Hex            4%         N/A       100%        8
 Disjunction              Tloc           3%         N/A       100%        8


Dungeon Overview and Level Annotations

Branches:
Dungeon (15/15)            Temple (1/1) D:7            Lair (5/5) D:11
 Shoals (0/4) Lair:2       Spider (2/4) Lair:2        Slime (0/5) Lair:4
    Orc (2/2) D:10            Elf (0/3) Orc:2        Vaults (0/5) D:14
 Depths (0/4) D:15          IceCv (visited)

Altars:
Ashenzari
Cheibriados
Dithmenos
Fedhas
Gozag
Hepliaklqana
Kikubaaqudgha
Makhleb
Nemelex Xobeh
Okawaru
Qazlal
Ru
Sif Muna
Trog
Uskayaw
Vehumet
Wu Jian
Xom
Yredelemnul
Jiyva

Shops:
D:1 *   D:6 ?   D:15 *   Orc:1 *   Orc:2 ((*[   Lair:2 [=[([


Innate Abilities, Weirdness & Mutations

You are completely covered in molten scales. (AC +4, rF+)
A weak demonic guardian rushes to your aid.
When hurt, damage is shared between your health and your magic reserves.
You regenerate magic rapidly.
Your hexes are more powerful.
Your touch may inflict irresistible damage on your foes.


Message History

The pharaoh ant bites your ice devil.
Your ice devil hits the pharaoh ant but does no damage.
The culicivora's many legs skitter faintly.
You climb upwards.
You feel sick.
There is a stone staircase leading down here.
Unknown command.
You feel better.
You hit the culicivora. You burn the culicivora.
The culicivora is no longer distracted by gold.
The culicivora is lightly wounded.
You block the culicivora's attack. x2
You closely miss the culicivora.
The culicivora is lightly wounded.
You block the culicivora's attack. x2
You slash the culicivora! You burn the culicivora!
The culicivora is heavily wounded.
The culicivora is no longer distracted by gold.
The culicivora bites you!
* * * LOW HITPOINT WARNING * * *
The culicivora draws strength from your injuries!
You block the culicivora's attack.
You hit the culicivora. You burn the culicivora.
The culicivora is moderately wounded.
You block the culicivora's attack. The culicivora bites you.
* * * LOW HITPOINT WARNING * * *
The culicivora draws strength from your injuries!
The culicivora closely misses you.
You closely miss the culicivora.
The culicivora is moderately wounded.
You block the culicivora's attack.
The culicivora is healed somewhat.
You block the culicivora's attack.
You slash the culicivora! You burn the culicivora.
The culicivora is heavily wounded.
The culicivora bites you!!
* * * LOW HITPOINT WARNING * * *
A demonic guardian appears!
The culicivora draws strength from your injuries!
You block the culicivora's attack. The culicivora bites you!!
You die...
Your body crumbles into a pile of gold.

###############################
....^...............#.........#
...........................[..##
.......#.........#...>##.......#
..................#^^.#.......##
.................###......#####
..........#....#.........##
.........##....s@..^...###
.^#......^......s4...###
.##...............#...#
.^..#................##
...#..........#.......#####
#.....^#.......?......)#..##
....#####.........#....#...######
....# ##....#..................
...## #.#...............######.


You could see 2 culicivoras and a friendly orange demon (summoned).

Vanquished Creatures
  Arachne (Spider:1)
  Rupert (Orc:2)
  Gastronok (Lair:1)
  Donald (Orc:2)
  Roxanne (D:15)
  A broodmother (Spider:1)
  A fire dragon (Lair:5)
  An entropy weaver (Spider:1)
  Fannar (D:12)
  8 vault guards (D:14)
  5 hydras
  4 catoblepae
  Erica (D:11)
  2 ironbound frosthearts (IceCv)
  A death knight (D:13)
  An ogre mage (D:14)
  8 centaur warriors
  5 two-headed ogres
  4 boulder beetles
  2 death scarabs
  6 death yaks (IceCv)
  A tengu warrior (D:13)
  An orc high priest (Orc:2)
  The ghost of Cancer the Geomancer, a journeyman GrEE of Vehumet (D:13)
  Sonja (D:11)
  Nergalle (Lair:1)
  A pharaoh ant (Spider:1)
  2 skeletal warriors (D:15)
  A swamp dragon (Lair:5)
  A necromancer (D:15)
  An orb spider (Lair:2)
  A lindwurm (Lair:5)
  An orc knight (Orc:1)
  A phantasmal warrior (D:15)
  A fire giant zombie (D:15)
  A sphinx zombie (D:15)
  6 orc sorcerers
  7 ugly things
  2 oklob plants (Lair:5)
  4 wolf spiders
  2 moths of wrath (Spider:2)
  5 cyclopes
  16 elephants
  A frost giant zombie (D:15)
  7 manticores
  A stone giant skeleton (D:15)
  3 black mambas (Lair:5)
  2 gargoyles
  12 cane toads
  An ice statue (IceCv)
  A torpor snail (Lair:5)
  An unseen horror (D:13)
  Maggie (D:8)
  Psyche (D:9)
  11 komodo dragons
  3 demonic crawlers
  3 kobold demonologists (D:11)
  6 rime drakes
  5 trolls
  17 polar bears
  4 meliai
  A hornet (D:8)
  6 slime creatures (D:12)
  4 tarantellas (Spider:1)
  19 blink frogs
  21 jumping spiders
  Sigmund (D:3)
  5 culicivoras
  84 yaks
  8 wyverns
  A wraith (D:11)
  A vampire (D:11)
  7 basilisks
  4 humans (D:7)
  4 steam dragons
  12 redbacks
  12 vampire mosquitoes
  10 wargs
  4 acid dragons
  12 water moccasins
  15 hell hounds (Lair:5)
  A swamp drake (Lair:5)
  22 orc warriors
  An ice beast (D:6)
  13 black bears
  36 wolves
  11 ogres
  10 centaurs
  5 kobold brigands
  10 bullfrogs
  A necrophage (D:8)
  4 gnoll sergeants (D:10)
  4 scorpions
  6 killer bees
  An electric eel (Spider:1)
  4 howler monkeys
  4 hounds
  26 orc priests
  2 iguanas
  Ijyb (D:5)
  45 orc wizards
  6 adders
  8 gnolls (D:10)
  A white imp (D:5)
  An ufetubus (D:7)
  4 worms
  A dart slug (D:1)
  61 orcs
  5 ball pythons
  6 bats
  8 endoplasms
  3 giant cockroaches
  2 hobgoblins
  7 jackals
  9 kobolds
  2 quokkas (D:1)
  2 frilled lizards (D:1)
  A goblin (D:4)
  5 rats
764 creatures vanquished.

Vanquished Creatures (collateral kills)
  A fire dragon (D:15)
  A centaur warrior (D:15)
  A wolf spider (Spider:2)
  A demonic crawler (Spider:1)
  An orc warrior (Orc:2)
  A black bear (Lair:5)
  2 wolves (Lair:5)
  An orc priest (Orc:2)
  An orc (Orc:2)
10 creatures vanquished.

Vanquished Creatures (others)
  A manticore (D:15)
  A redback (Spider:2)
  An orc wizard (Orc:2)
  63 fungi
  103 plants
  A withered plant (D:15)
170 creatures vanquished.

Grand Total: 944 creatures vanquished

Notes
Turn   | Place    | Note
-------+----------+-------------------------------------------
     0 | D:1      | Maxmaps the Demonspawn Monk began the quest for the Orb.
     0 | D:1      | Reached XP level 1. HP: 18/18 MP: 1/1
   257 | D:1      | Gained mutation: You are partially covered in molten
                  | scales. (AC +2) [demonic ancestry]
   257 | D:1      | Reached XP level 2. HP: 15/24 MP: 2/2
   712 | D:1      | Found Kemoic's Assorted Antiques.
   834 | D:2      | Gained mutation: Your touch may inflict minor irresistible
                  | damage on your foes. [demonic ancestry]
   834 | D:2      | Reached XP level 3. HP: 10/29 MP: 3/3
  1404 | D:2      | Reached skill level 1 in Short Blades
  1883 | D:3      | Noticed Sigmund
  1891 | D:3      | Killed Sigmund
  1892 | D:3      | Gained mutation: You regenerate magic rapidly. [demonic
                  | ancestry]
  1892 | D:3      | Reached XP level 4. HP: 35/35 MP: 4/4
  1892 | D:3      | Reached XP level 5. HP: 41/41 MP: 5/5
  2553 | D:3      | Found a snail-covered altar of Cheibriados.
  2855 | D:4      | Reached skill level 5 in Dodging
  2855 | D:4      | Reached XP level 6. HP: 47/47 MP: 6/6
  3217 | D:4      | Reached skill level 1 in Armour
  3438 | D:5      | Entered Level 5 of the Dungeon
  3561 | D:5      | Noticed a water moccasin
  3568 | D:5      | Killed a water moccasin
  3597 | D:5      | Gained mutation: When hurt, damage is shared between your
                  | health and your magic reserves. [demonic ancestry]
  3597 | D:5      | Reached XP level 7. HP: 42/52 MP: 7/7
  3823 | D:5      | Noticed Ijyb
  3834 | D:5      | Killed Ijyb
  3843 | D:5      | Reached skill level 5 in Armour
  4169 | D:5      | Found a sacrificial altar of Ru.
  4508 | D:6      | Found Orayrphol's Magic Scroll Shop.
  4516 | D:6      | Bought a scroll of identify for 24 gold pieces
  4557 | D:6      | Reached XP level 8. HP: 60/60 MP: 8/8
  5391 | D:7      | Reached skill level 5 in Fighting
  5811 | D:7      | Gained mutation: Your touch may inflict irresistible damage
                  | on your foes. [demonic ancestry]
  5811 | D:7      | Reached XP level 9. HP: 73/75 MP: 9/9
  6404 | D:7      | Found a staircase to the Ecumenical Temple.
  6646 | Temple   | Entered the Ecumenical Temple
  6658 | Temple   | Became a worshipper of Gozag Ym Sagoz the Greedy
  6666 | D:7      | Identified a scroll of acquirement
  6666 | D:7      | Acquired 783 gold pieces
  6676 | D:8      | Found a bloodstained altar of Trog.
  6715 | D:8      | Reached skill level 10 in Fighting
  6758 | D:8      | Noticed Maggie
  6943 | D:8      | Killed Maggie
  7001 | D:8      | Noticed a manticore
  7017 | D:8      | Killed a manticore
  7018 | D:8      | Gained mutation: You are mostly covered in molten scales.
                  | (AC +3) [demonic ancestry]
  7018 | D:8      | Reached XP level 10. HP: 48/89 MP: 6/10
  7646 | D:8      | Noticed a two-headed ogre
  7656 | D:8      | Killed a two-headed ogre
  8133 | D:9      | Found a shadowy altar of Dithmenos.
  8170 | D:9      | Reached skill level 5 in Long Blades
  8435 | D:9      | Noticed Psyche
  8542 | D:9      | Killed Psyche
  9147 | D:10     | Entered Level 10 of the Dungeon
  9290 | D:6      | Bought a scroll of blinking for 90 gold pieces
  9290 | D:6      | Bought a scroll of teleportation for 36 gold pieces
  9290 | D:6      | Bought a scroll of blinking for 90 gold pieces
  9407 | D:10     | Noticed a two-headed ogre
  9421 | D:10     | Killed a two-headed ogre
  9840 | D:10     | Reached XP level 11. HP: 96/98 MP: 9/11
  9880 | D:10     | Found a staircase to the Orcish Mines.
 10820 | D:11     | Noticed Sonja
 10828 | D:11     | Killed Sonja
 10881 | D:11     | Noticed a four-headed hydra
 11203 | D:11     | Noticed Erica
 11299 | D:11     | Killed Erica
 11300 | D:11     | Reached skill level 10 in Long Blades
 11660 | D:11     | Found a staircase to the Lair.
 11743 | D:11     | Reached skill level 1 in Shields
 12118 | D:11     | Killed a one-headed hydra
 12372 | Lair:1   | Entered Level 1 of the Lair of Beasts
 12429 | Lair:1   | Reached skill level 5 in Shields
 12441 | Lair:1   | Noticed Nergalle
 12502 | Lair:1   | Killed Nergalle
 12525 | Lair:1   | Reached XP level 12. HP: 59/105 MP: 10/12
 12708 | Lair:1   | Noticed Gastronok
 12798 | Lair:1   | Killed Gastronok
 13582 | Lair:2   | Found a staircase to the Shoals.
 13605 | Lair:2   | Noticed an eight-headed hydra
 13609 | Lair:2   | Found a frozen archway.
 13677 | Lair:2   | Bought the +2 pair of gloves of Midnight {Int+2 Dex+3 SInv}
                  | for 470 gold pieces
 13694 | Lair:2   | Bought a pair of embroidered boots for 240 gold pieces
 13694 | Lair:2   | Bought an embroidered cloak for 240 gold pieces
 13757 | IceCv    | Entered an ice cave
 13845 | IceCv    | Noticed a death yak
 13845 | IceCv    | Noticed a death yak
 13845 | IceCv    | Noticed a death yak
 13875 | IceCv    | Killed a death yak
 13883 | IceCv    | Killed a death yak
 13887 | IceCv    | Killed a death yak
 13888 | IceCv    | Reached skill level 10 in Shields
 14726 | IceCv    | Gained mutation: A weak demonic guardian rushes to your
                  | aid. [demonic ancestry]
 14726 | IceCv    | Reached XP level 13. HP: 110/111 MP: 11/13
 16100 | Lair:2   | Found a hole to the Spider Nest.
 18540 | Lair:4   | Found a staircase to the Slime Pits.
 18540 | Lair:4   | Found a viscous altar of Jiyva.
 19066 | Lair:5   | Entered Level 5 of the Lair of Beasts
 19355 | Lair:4   | Gained mutation: Your hexes are more powerful. [demonic
                  | ancestry]
 19355 | Lair:4   | Reached XP level 14. HP: 99/118 MP: 11/14
 22509 | Lair:5   | Identified the +2 leather armour of the New World {Str+2
                  | Stlth+}
 22746 | Lair:2   | Bought the +6 scimitar of Dung {flame, Str+3} for 757 gold
                  | pieces
 22844 | Orc:1    | Entered Level 1 of the Orcish Mines
 22844 | Orc:1    | Found Zaha's Overcharged Wands.
 22874 | Orc:1    | Reached skill level 1 in Evocations
 23606 | Orc:2    | Entered Level 2 of the Orcish Mines
 23743 | Orc:2    | Noticed Rupert
 23764 | Orc:2    | Killed Rupert
 24315 | Orc:2    | Paralysed by an orc sorcerer for 2 turns
 24790 | Orc:2    | Reached skill level 5 in Evocations
 24790 | Orc:2    | Gained mutation: You are completely covered in molten
                  | scales. (AC +4, rF+) [demonic ancestry]
 24790 | Orc:2    | Reached XP level 15. HP: 121/123 MP: 15/15
 25109 | Orc:2    | Found a staircase to the Elven Halls.
 25113 | Orc:2    | Noticed Donald
 25138 | Orc:2    | Killed Donald
 25515 | Orc:2    | Found Hohob's General Store.
 25516 | Orc:2    | Found Dexzol's Weapon Emporium.
 25517 | Orc:2    | Found Vuemes's Weapon Emporium.
 25521 | Orc:2    | Found Hykkitui's Antique Armour Shoppe.
 25525 | Orc:2    | Bought a runed kite shield for 202 gold pieces
 26112 | D:12     | Identified the +1 scale mail "Keynk" {Str+6 Slay-6}
 26155 | D:12     | Noticed Fannar
 26163 | D:12     | Killed Fannar
 26996 | D:13     | Found a runed translucent gate.
 26996 | D:13     | Noticed Cancer's ghost (journeyman GrEE)
 26997 | D:13     | Found a runed translucent gate.
 26998 | D:13     | Found a runed translucent gate.
 28728 | D:13     | Killed Cancer's ghost
 28729 | D:13     | Reached skill level 10 in Evocations
 29047 | D:14     | Found a gate to the Vaults.
 30165 | D:15     | Entered Level 15 of the Dungeon
 30187 | D:15     | Found a staircase to the Depths.
 30270 | D:15     | Reached XP level 16. HP: 113/130 MP: 16/16
 30445 | D:15     | Identified Roxanne's Compilation of Changing
 30445 | D:15     | Noticed Roxanne
 30475 | D:15     | Identified the +8 hand axe of Righteous Fury {freeze, Fly
                  | Will+ Str-4 Int+2}
 30862 | D:15     | Found Neskeil's Assorted Antiques.
 30869 | D:15     | Bought a glass wand for 136 gold pieces
 31206 | D:15     | Killed Roxanne
 31589 | Spider:1 | Entered Level 1 of the Spider Nest
 31610 | Spider:1 | Reached skill level 1 in Spellcasting
 32633 | Spider:2 | Noticed Arachne
 32999 | Spider:1 | Reached skill level 5 in Spellcasting
 33402 | Spider:1 | Killed Arachne
 34232 | Spider:1 | HP: 3/130 [culicivora (16)]
 34232 | Spider:1 | Mangled by a culicivora

Illustrated notes

Levels and vault maps discovered:
D:1:      minmay_arrival_radiant_lines, layout_loops_ring, serial_shops,
          nicolae_square_shop
D:2:      layout_basic
D:3:      layout_basic, mainiacjoe_overflow_six_doors_small, slow_altar_2,
          uniq_sigmund
D:4:      layout_gridville
D:5:      layout_basic, nicolae_ru_awakened_eye, uniq_ijyb
D:6:      layout_loops_corners, serial_shops, nicolae_shop_statue_plus,
          minmay_misc_feat_rows
D:7:      layout_basic, minmay_temple_entry_poolview, minmay_ruffians
D:8:      layout_rooms, bloody_trog, chequers_jeans, hex_intersection,
          uniq_maggie
D:9:      layout_gridville, nicolae_dithmenos_shadow_blocks, uniq_psyche
D:10:     layout_cave_pools, kennysheep_orc_monster_closet_entryway
D:11:     layout_irregular_city, grunt_lair_entry_orc_guard_hut, uniq_erica,
          uniq_sonja
D:12:     layout_irregular_city, lemuel_flamethrower_3, uniq_fannar
D:13:     layout_long_grid, gammafunk_ghost_split
D:14:     layout_basic, erik_vaults_2, chequers_decorated_corner
D:15:     gammafunk_depths_entry_grave, layout_basic, serial_shops, shop,
          uniq_roxanne
Temple:   sentei_temple_godly_chess
Lair:1:   layout_misc_corridors, uniq_nergalle, uniq_gastronok
Lair:2:   layout_roguey, elwin_shoals_entry_rocks,
          nicolae_spider_entry_orb_guardian, portal_ice_cave_entry_pillars_2
Lair:3:   layout_misc_corridors, ldierk_geyser, serial_bayou_shore_b
Lair:4:   layout_loops_ring, slime_entry_1
Lair:5:   hangedman_lair_caniforms_friends, layout_cave_pods,
          guppyfry_lair_end_dragon, chequers_serial_rivers_large_a,
          minmay_lindwurm_lava
Spider:1: nicolae_spider_jumping_over_cracks [nicolae_spider_jumping_sub_stairs,
          nicolae_spider_jumping_sub_no_exit, nicolae_spider_jumping_sub_offset,
          nicolae_spider_jumping_sub_grid]
Spider:2: nicolae_spider_hilbert_zone_2 [nicolae_spider_hilbert_4_sides_1_open,
          nicolae_spider_hilbert_4_sides_1_open,
          nicolae_spider_hilbert_4_sides_1_open,
          nicolae_spider_hilbert_4_sides_1_open,
          nicolae_spider_hilbert_6_sides_1_open,
          nicolae_spider_hilbert_6_sides_1_open,
          nicolae_spider_hilbert_3_sides_1_open,
          nicolae_spider_hilbert_3_sides_1_open,
          nicolae_spider_hilbert_3_sides_1_open,
          nicolae_spider_hilbert_3_sides_1_open,
          nicolae_spider_hilbert_6_sides_1_open,
          nicolae_spider_hilbert_6_sides_1_open,
          nicolae_spider_hilbert_6_sides_1_open,
          nicolae_spider_hilbert_6_sides_1_open], drop_trap, uniq_arachne
Orc:1:    layout_diamond_mine, nicolae_shop_overcharged_wands
Orc:2:    st_orc_mages, layout_caves, uniq_rupert, uniq_donald

Skill      XL: |  1  2  3  4  5  6  7  8  9 10 11 12 13 14 15 16 |
---------------+-------------------------------------------------+-----
Long Blades    | 3 4 7 10 11 14 | 14.2
Short Blades   | 1 |  1.6
Dodging        | 4 5 |  5.2
Armour         | 3 5 7 8 9 |  9.0
Fighting       | 4 8 12 13 | 13.0
Shields        | 6 11 14 | 14.0
Evocations     | 5 12 | 12.1
Spellcasting   | 6 |  6.6
Stealth        | |  1.7

Action                   |  1- 3 |  4- 6 |  7- 9 | 10-12 | 13-15 | 16-18 || total
-------------------------+-------+-------+-------+-------+-------+-------++-------
Melee: Falchion          |    17 |       |       |       |       |       ||    17
       Dagger            |    82 |    66 |   249 |   367 |       |       ||   764
       Touch             |     9 |    13 |    43 |    91 |       |       ||   156
       Punch             |       |       |     5 |     6 |       |       ||    11
       Unarmed           |       |       |       |     6 |       |       ||     6
       Scimitar          |       |       |       |   600 |  2032 |   392 ||  3024
Invok: Call Merchant     |       |       |       |     2 |     3 |       ||     5
       Potion Petition   |       |       |       |       |     1 |       ||     1
Evoke: Wand              |       |       |       |       |       |     1 ||     1
  Use: Scroll            |       |       |    24 |     5 |     3 |     3 ||    35
       Potion            |       |       |     1 |     5 |     4 |     5 ||    15
 Stab: Sleeping          |    11 |     4 |       |     3 |     9 |     2 ||    29
       Distracted        |       |       |       |     6 |    17 |     5 ||    28
       Confused          |       |       |       |       |     1 |       ||     1
       Petrified         |       |       |       |       |     7 |       ||     7
Armor: Robe              |    14 |       |       |       |       |       ||    14
       Acid dragon scale |     3 |    22 |    78 |       |    18 |       ||   121
       Swamp dragon scal |       |       |    10 |   363 |   590 |   208 ||  1171
       Leather armour    |       |       |       |    40 |     2 |       ||    42
Dodge: Dodged            |    42 |    25 |   129 |   493 |   587 |   181 ||  1457
Block: Kite shield       |       |       |       |   301 |  1847 |   563 ||  2711
       Buckler           |       |       |       |       |    24 |       ||    24
       Reflection        |       |       |       |       |    50 |     9 ||    59

Table legend: (Time is in decaauts)
 A = Elapsed time spent in this place.
 B = Non-inter-level travel time spent in this place.
 C = Inter-level travel time spent in this place.
 D = Time resting spent in this place.
 E = Time spent auto-exploring this place.
 F = Levels seen in this place.
 G = Mean time per level.
                   A        B        C        D        E       F      G
               +--------+--------+--------+--------+--------+-----+--------+
         Total |  33844 |  32078 |   1766 |   7281 |  16892 |  26 | 1301.7 |
       Dungeon |  17819 |  16459 |   1360 |   2964 |  10629 |  15 | 1187.9 |
        Temple |     15 |     15 |      0 |      0 |      0 |   1 |   15.0 |
          Lair |   8605 |   8277 |    328 |   1637 |   3783 |   5 | 1721.0 |
   Spider Nest |   2595 |   2572 |     23 |   1031 |    744 |   2 | 1297.5 |
  Orcish Mines |   2919 |   2866 |     53 |   1055 |   1228 |   2 | 1459.5 |
      Ice Cave |   1889 |   1889 |      0 |    594 |    508 |   1 | 1889.0 |
               +--------+--------+--------+--------+--------+-----+--------+

Top non-repeatable levels by time:
  Lair:5: 3015 daAuts
Spider:1: 2179 daAuts
     D:7: 1913 daAuts
  Lair:2: 1905 daAuts
   IceCv: 1889 daAuts
   Orc:2: 1652 daAuts
     D:9: 1512 daAuts
    D:11: 1501 daAuts
    D:14: 1359 daAuts
  Lair:1: 1339 daAuts
    D:15: 1285 daAuts
   Orc:1: 1266 daAuts
    D:13: 1253 daAuts
    D:10: 1208 daAuts
     D:6: 1207 daAuts
